 Dungeon Crawl Stone Soup version 0.18-a0-1562-gac8da35 (webtiles) character file.

10665 mopl the Gouger (level 11, -4/59 HPs)
             Began as a Felid Fighter on Mar 12, 2016.
             Was an Elder of Jiyva.
             Slain by a salamander
             ... wielding a +0 trident
              (14 damage)
             ... on level 4 of the Snake Pit on Mar 13, 2016.
             The game lasted 01:02:35 (16904 turns).

mopl the Gouger (Felid Fighter)                    Turns: 16904, Time: 01:02:36

Health: -4/59      AC:  4    Str:  9    XL:     11   Next: 39%
Magic:  19/19      EV: 32    Int: 14    God:    Jiyva [****..]
Gold:   627        SH:  0    Dex: 25    Spells: 1 memorised, 13 levels left
                                        Lives:  0   Deaths: 2

rFire  . . .     SeeInvis +       - Unarmed
rCold  + . .     Gourm    .     (armour unavailable)
rNeg   . . .     Faith    .     (shield unavailable)
rPois  +         Spirit   .     (helmet unavailable)
rElec  .         Dismiss  .     (cloak unavailable)
rCorr  +         Reflect  .     (gloves unavailable)
SustAt .         Harm     .     (boots unavailable)
MR     +....                    r - amulet of rage
Stlth  ++++++++..               Z - ring of the Middle {rPois Stlth+}
                                w - +6 ring of intelligence

@: about to teleport, quick, somewhat resistant to hostile enchantments,
extraordinarily stealthy
A: no armour, no weapons or thrown items, antennae 1, claws 1, fangs 3, see
invisible, carnivore 3, speed 1, robust 1, shaggy fur 3, slow metabolism 1,
gelatinous body 1, translucent skin 1, jelly absorbing missiles, sharp paws
a: Request Jelly, Jelly Paralyse, Slimify, Renounce Religion, Evoke Berserk Rage


You were on level 4 of the Snake Pit.
You worshipped Jiyva.
Jiyva was greatly pleased with you.
You were full.

You visited 5 branches of the dungeon, and saw 26 of its levels.
You also visited: Labyrinth, Bailey and Volcano.

You collected 1125 gold pieces.
You spent 498 gold pieces at shops.

Inventory:

Jewellery
 l - an uncursed amulet of faith {!P}
 r - an amulet of rage (around neck)
 w - a +6 ring of intelligence (left paw)
 B - an uncursed ring of positive energy
 M - an uncursed ring of protection from fire
 Y - an uncursed ring of wizardry
 Z - the ring of the Middle (right paw) {rPois Stlth+}
   (You found it on level 8 of the Lair of Beasts)

   [ring of stealth]

   It protects you from poison.
   It makes you more stealthy.
Wands
 q - a wand of enslavement (21/24)
 z - a wand of lightning (5/15)
 A - a wand of polymorph (5/24)
 F - a wand of polymorph (14/24)
 H - a wand of lightning (7/15)
 T - a wand of acid (9/15)
 V - a wand of heal wounds (7/9)
 W - a wand of digging (15/24)
Scrolls
 e - 3 scrolls of teleportation
 f - 2 scrolls of recharging
 j - 2 scrolls of fear
 m - 9 scrolls of remove curse
 n - a scroll of magic mapping
 p - 3 scrolls of fog
 v - 4 scrolls of enchant armour {unknown}
 y - 4 scrolls of amnesia {unknown}
 K - a scroll of immolation {unknown}
 L - a scroll of blinking
 U - a scroll of vulnerability {unknown}
Potions
 a - 7 potions of might
 d - 3 potions of ambrosia
 g - 4 potions of heal wounds
 h - a potion of cure mutation {!q}
 i - 2 potions of resistance
 k - 9 potions of curing
 u - 5 potions of agility
 x - 2 potions of flight
 D - 3 potions of lignification {!q}
 E - a potion of invisibility
 J - a potion of brilliance
 Q - 3 potions of haste
 S - 3 potions of berserk rage {berserk, unknown}
Books
 s - a book of Alchemy

   Spells                             Type                      Level
   a - Sublimation of Blood           Necromancy                   2
   b - Ignite Poison                  Fire/Transmutation/Poison    3
   c - Petrify                        Transmutation/Earth          4
   d - Alistair's Intoxication        Transmutation/Poison         5
   e - Irradiate                      Conjuration/Transmutation    5
 G - a book of Annihilations

   Spells                             Type                      Level
   a - Poison Arrow                   Conjuration/Poison           6
   b - Chain Lightning                Conjuration/Air              8
   c - Lehudib's Crystal Spear        Conjuration/Earth            8
   d - Glaciate                       Conjuration/Ice              9
   e - Fire Storm                     Conjuration/Fire             9
 N - an Akashic Record

   Spells                             Type                      Level
   a - Dispersal                      Translocation                6
   b - Malign Gateway                 Summoning/Translocation      7
   c - Disjunction                    Translocation                8
   d - Controlled Blink               Translocation                8
 O - a Necronomicon

   Spells                             Type                      Level
   a - Haunt                          Necromancy/Summoning         7
   b - Borgnjor's Revivification      Necromancy                   8
   c - Death's Door                   Charms/Necromancy            8
   d - Necromutation                  Transmutation/Necromancy     8
 X - the Catalogue of Supportive Cold
   (You found it on level 8 of the Lair of Beasts)

   Spells                             Type                      Level
   a - Summon Small Mammal            Summoning                    1
   b - Ensorcelled Hibernation        Hexes/Ice                    2
   c - Call Imp                       Summoning                    2
   d - Ozocubu's Armour               Charms/Ice                   3
   e - Freezing Cloud                 Conjuration/Ice/Air          6
   f - Shadow Creatures               Summoning                    6
Miscellaneous
 c - a lamp of fire
 P - a stone of tremors
 R - a phantom mirror
Comestibles
 b - 10 meat rations
 o - 6 beef jerkies


   Skills:
 + Level 10.0 Fighting
 - Level 12.0 Dodging
 - Level 12.0 Stealth
 - Level 12.0 Unarmed Combat
 + Level 3.5 Spellcasting
 + Level 4.4 Transmutations
 + Level 3.4 Earth Magic
 + Level 9.7 Evocations


You had 13 spell levels left.
You knew the following spells:

 Your Spells              Type           Power        Failure   Level  Hunger
b - Petrify               Trmt/Erth      ##......     45%         4    #####..


Dungeon Overview and Level Annotations

Branches:
Dungeon (12/15)            Temple (1/1) D:4            Lair (8/8) D:8
 Shoals (0/4) Lair:4        Snake (4/4) Lair:5        Slime (1/6) Lair:6
    Orc (0/2) D:12

Altars:
Ashenzari
Cheibriados
Dithmenos
Elyvilon
Fedhas
Kikubaaqudgha
Makhleb
Nemelex Xobeh
Okawaru
Qazlal
Yredelemnul
The Shining One
Jiyva

Shops:
D:4 *   D:11 !

Annotations:
D:6 Pikel
D:10 Fannar
Lair:6 Tomstefer's ghost, journeyman MiBe
Lair:7 exclusion: downstairs
Snake:4 exclusion: upstairs


Innate Abilities, Weirdness & Mutations

You cannot wear armour.
You are incapable of wielding weapons or throwing items.
You have sharp claws.
You have razor-sharp teeth.
You have supernaturally acute eyesight.
You are carnivorous and can eat meat at any time.
You cover ground quickly.
Your thick and shaggy fur keeps you warm (AC +3, rC+).
You have a slow metabolism.
Your sharp claws are effective at attacking unaware monsters.
You have a pair of small antennae on your head.
You are robust (+10% HP).
Your rubbery body absorbs attacks (AC +1).
Your skin is partially translucent (Stealth, -foe acc).
You have a small jelly attached to you that may absorb incoming projectiles.


Message History

The splash of poison misses you.
The shock serpent bites the jelly!!
The jelly dies!
The salamander hits you from afar with a trident.
You are engulfed in flames!
A naga sharpshooter comes into view. It is wielding a longbow.
The naga mage gestures at you while chanting.
The orb of energy misses you.
The orb of energy hits the naga.
The salamander barely misses you.
The shock serpent hisses angrily.
A naga comes into view. It is wielding a glaive.
The shock serpent shoots out a bolt of lightning at you!
The bolt of electricity misses you. The salamander completely misses you.
The naga sharpshooter shoots an arrow.
The arrow barely misses you.
The naga is no longer covered in acid.
The naga mage casts a spell.
The naga mage seems to speed up.
The salamander hits you from afar with a trident!
* * * LOW HITPOINT WARNING * * *
You are engulfed in flames!
You die...

,,,,,,,,,,,,,,,,* #........,,,,,
,,,,,,,,,,,*,,*** #........,,,*,
,,,,,,,,,,,**** #......##***,#
,,,**,,,****** #####.......## *,#
*,,,,,,,,.,,,*##....N.......##*,#
**,,,,,,,...,##....N.........,,,#
,*,,,,,,,N...#.N..N..S...##.#***.
*,,,,,,,,NNN......(......##.####.
**,,,,,,,...N...@...#............
,*,,,,,,*#..........#............
,,,***,,,#..N.......#............
,,,****,,#.........#.............
,,,,***,,...........#............
*,****,,,...........#............
,,****,,,...........#............
,,*,,,***#........#.#............
,,,,,,,,***,.....#.##............


You could see a greater naga, 2 naga sharpshooters, a salamander, a shock
serpent, 3 naga magi and 3 nagas.

Vanquished Creatures
  Louise (Snake:2)
  A minotaur (Lab)
  3 hydras
  2 anacondas
  A sea snake (Snake:2)
  The ghost of Uberwunderbarhen the Insei, a novice OpTm (D:6)
  A lindwurm (Volcano)
  A hill giant (D:12)
  A mana viper (Snake:4)
  A griffon (Lair:6)
  A manticore (D:8)
  4 black mambas
  A torpor snail (Snake:3)
  4 gargoyles (Volcano)
  10 spiny frogs
  2 komodo dragons
  A rime drake (Lair:2)
  A troll (D:9)
  A polar bear (Lair:4)
  6 blink frogs
  A two-headed ogre (D:10)
  8 yaks
  2 hungry ghosts
  4 hippogriffs
  A basilisk (Lair:2)
  Menkaure (D:4)
  A naga (Snake:2)
  A swamp worm (Lair:7)
  10 porcupines
  Duvessa (D:5)
  9 water moccasins
  A sky beast (D:8)
  7 orc warriors
  2 phantoms
  A black bear (D:11)
  An eye of draining (D:11)
  A necrophage (D:9)
  An ice beast (D:8)
  4 ogres
  5 centaurs
  6 wolves
  9 crocodiles
  3 big kobolds
  12 giant frogs
  A water moccasin zombie (D:5)
  Dowan (D:5)
  4 scorpions
  2 killer bees (D:9)
  A wight (D:12)
  An electric eel (Snake:2)
  2 howler monkeys (D:5)
  5 crimson imps
  2 giant frog zombies
  A centaur zombie (D:7)
  9 orc wizards
  A giant frog skeleton (D:11)
  5 orc priests
  A gnoll shaman (D:7)
  3 hounds
  A jelly (D:7)
  2 centaur skeletons (D:5)
  8 iguanas
  Ijyb (D:3)
  7 worker ants
  A hell rat (Lair:1)
  10 sheep (Lair:7)
  8 gnolls
  12 adders
  24 river rats
  A shadow imp (D:8)
  An ooze (D:4)
  2 worms (Lair:7)
  4 dart slugs
  3 giant geckos
  38 orcs
  10 giant cockroaches
  13 goblins
  5 hobgoblins
  15 jackals
  6 quokkas
  A ball python (D:1)
  8 bats
  A giant cockroach zombie (D:6)
  A giant gecko skeleton (D:4)
  8 giant newts
  2 jackal skeletons
  31 kobolds
  7 rats
  2 plants
408 creatures vanquished.

Vanquished Creatures (others)
  2 yaks
  A hungry ghost (D:8)
  A water moccasin (Lair:8)
  A porcupine (Lair:7)
  4 giant frogs
  2 killer bees (D:8)
  An electric eel (Snake:2)
  62 jellies
  A hell rat (Lair:1)
  6 sheep
  4 river rats
  A worm (Lair:7)
  4 rats (Lair:1)
  27 fungi
  9 plants
126 creatures vanquished.

Grand Total: 534 creatures vanquished

Notes
Turn   | Place    | Note
--------------------------------------------------------------
     0 | D:1      | mopl the Felid Fighter began the quest for the Orb.
     0 | D:1      | Reached XP level 1. HP: 10/10 MP: 2/2
   406 | D:1      | Reached XP level 2. HP: 14/14 MP: 3/3
   666 | D:1      | Reached skill level 1 in Stealth
  1065 | D:2      | Reached XP level 3. HP: 15/17 MP: 4/4
  1102 | D:2      | Found a faded altar to an unknown god.
  1988 | D:3      | Reached skill level 2 in Stealth
  1988 | D:3      | Reached XP level 4. HP: 19/22 MP: 5/5
  2076 | D:3      | Noticed Ijyb
  2344 | D:3      | Killed Ijyb
  2612 | D:3      | Found a glowing golden altar of the Shining One.
  2612 | D:3      | Found an iron altar of Okawaru.
  2649 | D:3      | Reached skill level 5 in Unarmed Combat
  2649 | D:3      | Reached XP level 5. HP: 23/25 MP: 6/6
  2724 | D:3      | Reached skill level 3 in Stealth
  2816 | D:3      | Reached skill level 4 in Fighting
  3002 | D:4      | Noticed Menkaure
  3008 | D:4      | Killed Menkaure
  3008 | D:4      | Reached skill level 5 in Dodging
  3008 | D:4      | Gained mutation: You are covered in thick fur (AC +2). [Felid growth]
  3008 | D:4      | Reached XP level 6. HP: 24/28 MP: 7/7
  3073 | D:4      | Found a burning altar of Makhleb.
  3142 | D:4      | Found a staircase to the Ecumenical Temple.
  3152 | Temple   | Entered the Ecumenical Temple
  3234 | D:4      | Reached skill level 4 in Stealth
  3269 | D:5      | Entered Level 5 of the Dungeon
  3269 | D:5      | Found an iron altar of Okawaru.
  3291 | D:6      | Noticed Uberwunderbarhen's ghost (novice OpTm)
  3538 | D:4      | Found Detusu's General Store.
  3541 | D:4      | Bought 2 potions of curing for 60 gold pieces
  3541 | D:4      | Bought 2 potions of agility for 80 gold pieces
  3541 | D:4      | Bought a scroll of noise for 10 gold pieces
  3649 | D:4      | Reached skill level 6 in Unarmed Combat
  3917 | D:4      | You fall through a shaft!
  3917 | D:5      | Found a sparkling altar of Nemelex Xobeh.
  3951 | D:5      | Noticed Duvessa
  3952 | D:5      | Noticed Dowan
  3970 | D:5      | Reached XP level 7. HP: 33/33 MP: 8/8
  4256 | D:5      | Found a shadowy altar of Dithmenos.
  4476 | D:5      | Reached skill level 5 in Fighting
  4476 | D:5      | Reached skill level 6 in Dodging
  4669 | D:5      | Killed Duvessa
  4669 | D:5      | Reached skill level 5 in Stealth
  4669 | D:5      | Reached skill level 1 in Evocations
  4671 | D:5      | Killed Dowan
  4835 | D:5      | Reached XP level 8. HP: 25/37 MP: 10/10
  4869 | D:5      | Reached skill level 7 in Unarmed Combat
  4869 | D:5      | Reached skill level 2 in Evocations
  5281 | D:5      | Reached skill level 6 in Stealth
  5611 | D:5      | Reached skill level 7 in Dodging
  5718 | D:6      | Reached skill level 3 in Evocations
  5728 | D:6      | Killed Uberwunderbarhen's ghost
  5728 | D:6      | Reached skill level 6 in Fighting
  5728 | D:6      | Reached skill level 7 in Stealth
  5728 | D:6      | Reached skill level 8 in Unarmed Combat
  5728 | D:6      | Reached XP level 9. HP: 36/41 MP: 12/12
  6102 | D:6      | Reached skill level 4 in Evocations
  6386 | D:6      | Noticed Pikel
  6455 | D:7      | Found a snail-covered altar of Cheibriados.
  6582 | D:8      | Reached skill level 8 in Dodging
  6739 | D:8      | Reached skill level 8 in Stealth
  6792 | D:8      | Noticed a manticore
  6801 | D:8      | Killed a manticore
  6801 | D:8      | Reached skill level 9 in Unarmed Combat
  6801 | D:8      | Reached skill level 5 in Evocations
  7162 | D:8      | Found a white marble altar of Elyvilon.
  7260 | D:8      | Found a basalt altar of Yredelemnul.
  7691 | D:9      | Found an ancient bone altar of Kikubaaqudgha.
  7734 | D:9      | Noticed a troll
  7738 | D:9      | Found a stormy altar of Qazlal.
  7759 | D:9      | Killed a troll
  7759 | D:9      | Reached XP level 10. HP: 46/46 MP: 14/14
  7900 | D:9      | Reached skill level 7 in Fighting
  7900 | D:9      | Reached skill level 9 in Stealth
  8015 | D:9      | Found a blossoming altar of Fedhas.
  8135 | D:10     | Entered Level 10 of the Dungeon
  8215 | D:10     | Noticed Fannar
  8324 | D:10     | Noticed an unseen horror
  8334 | D:10     | an unseen horror changed into a two-headed ogre
  8350 | D:10     | Found a flagged portal.
  8402 | D:10     | Reached skill level 9 in Dodging
  8440 | Bailey   | Entered a bailey
  8876 | Bailey   | Noticed an orc knight
  9091 | D:11     | Noticed a hill giant
  9228 | D:11     | Learned a level 4 spell: Petrify
  9250 | D:11     | Noticed a white ugly thing
  9267 | D:11     | Found Yczas's Distillery.
  9274 | D:11     | Bought a potion of degeneration for 12 gold pieces
  9274 | D:11     | Bought a potion of invisibility for 96 gold pieces
  9274 | D:11     | Bought a potion of cancellation for 96 gold pieces
  9274 | D:11     | Bought a potion of brilliance for 48 gold pieces
  9274 | D:11     | Bought a potion of might for 48 gold pieces
  9274 | D:11     | Bought a potion of agility for 48 gold pieces
  9280 | D:11     | Noticed an unseen horror
  9281 | D:11     | Noticed a seven-headed hydra
  9289 | D:11     | Noticed an orb spider
  9289 | D:11     | an unseen horror changed into an orb spider
  9315 | D:11     | an orb spider changed into an eye of draining
  9326 | D:11     | Reached skill level 10 in Unarmed Combat
  9482 | D:12     | Found a labyrinth entrance.
  9502 | Lab      | Entered a labyrinth
  9896 | Lab      | Noticed a minotaur
  9910 | Lab      | Killed a minotaur
  9910 | Lab      | Reached skill level 6 in Evocations
  9956 | D:12     | Noticed a hill giant
  9963 | D:12     | Killed a hill giant
  9963 | D:12     | Reached skill level 10 in Stealth
 10647 | D:9      | Reached XP level 11. HP: 42/51 MP: 17/17
 10998 | D:8      | Found a staircase to the Lair.
 11004 | Lair:1   | Entered Level 1 of the Lair of Beasts
 11021 | Lair:1   | Reached skill level 10 in Dodging
 11041 | Lair:1   | Reached skill level 8 in Fighting
 11190 | Lair:1   | Noticed an eight-headed hydra
 11193 | Lair:1   | Found a dark tunnel.
 11226 | Volcano  | Entered a volcano
 11272 | Volcano  | Reached skill level 11 in Unarmed Combat
 11272 | Volcano  | Reached skill level 7 in Evocations
 11280 | Volcano  | Noticed a lindwurm
 11286 | Volcano  | Killed a lindwurm
 11491 | Lair:4   | Noticed a five-headed hydra
 11523 | Lair:4   | Noticed a four-headed hydra
 11529 | Lair:4   | Killed a five-headed hydra
 11529 | Lair:4   | Reached skill level 11 in Stealth
 11539 | Lair:4   | Killed a four-headed hydra
 11704 | Lair:4   | Found a staircase to the Shoals.
 11711 | Lair:4   | Gained mutation: You have a pair of small antennae on your head. [potion of beneficial mutation]
 11768 | Lair:5   | Noticed a four-headed hydra
 11867 | Lair:6   | Noticed Tomstefer's ghost (journeyman MiBe)
 11880 | Lair:6   | Reached skill level 11 in Dodging
 12078 | Lair:6   | Reached skill level 8 in Evocations
 12265 | Lair:6   | Noticed a griffon
 12295 | Lair:6   | Reached skill level 12 in Unarmed Combat
 12330 | Lair:6   | Gained mutation: Your thick and shaggy fur keeps you warm (AC +3, rC+). [Felid growth]
 12330 | Lair:6   | Reached XP level 12. HP: 42/56 MP: 19/19
 12350 | Lair:6   | Found a viscous altar of Jiyva.
 12350 | Lair:6   | Found a staircase to the Slime Pits.
 12404 | Lair:6   | Noticed a seven-headed hydra
 12465 | Lair:6   | Noticed a four-headed hydra
 12489 | Lair:6   | Became a worshipper of Jiyva Jokugav the Shapeless
 12746 | Lair:6   | Reached skill level 9 in Fighting
 12800 | Slime:1  | Entered Level 1 of the Pits of Slime
 12800 | Slime:1  | Noticed a great orb of eyes
 13128 | Lair:5   | Reached * piety under Jiyva
 13520 | D:8      | Reached ** piety under Jiyva
 13707 | D:8      | Reached *** piety under Jiyva
 13712 | D:8      | Gained mutation: You have a small jelly attached to you that may absorb incoming projectiles. [Jiyva's grace]
 13835 | D:7      | Reached **** piety under Jiyva
 13983 | Lair:1   | Reached skill level 12 in Stealth
 14021 | Lair:1   | Gained mutation: Your skin is partially translucent (Stealth, -foe acc). [Jiyva's grace]
 14153 | Lair:1   | Reached ***** piety under Jiyva
 14167 | Lair:1   | Reached skill level 1 in Transmutations
 14220 | Lair:1   | Slain by an eight-headed hydra
 14221 | Lair:1   | Reached XP level 11. HP: 0/53 MP: 15/18
 14271 | Lair:3   | Reached skill level 1 in Spellcasting
 14271 | Lair:3   | Reached skill level 1 in Earth Magic
 14325 | Lair:3   | Noticed a four-headed hydra
 14333 | Lair:3   | Killed a four-headed hydra
 14333 | Lair:3   | Reached skill level 2 in Transmutations
 14425 | Lair:4   | Gained mutation: You can translocate small distances at will. [Jiyva's grace]
 14616 | Lair:3   | Reached skill level 9 in Evocations
 14620 | Lair:3   | Noticed a five-headed hydra
 14695 | Lair:5   | Reached skill level 2 in Spellcasting
 14825 | Lair:5   | Found a staircase to the Snake Pit.
 14948 | Lair:4   | Lost mutation: You can translocate small distances at will. [Jiyva's grace]
 14954 | Lair:4   | Noticed a death yak
 14954 | Lair:4   | Noticed a death yak
 15139 | Lair:7   | Reached skill level 2 in Earth Magic
 15240 | Lair:7   | Noticed an eight-headed hydra
 15259 | Lair:8   | Entered Level 8 of the Lair of Beasts
 15265 | Lair:8   | Noticed a seven-headed hydra
 15277 | Lair:8   | Noticed a seven-headed hydra
 15370 | Lair:7   | Noticed an eight-headed hydra
 15404 | Lair:6   | Reached skill level 12 in Dodging
 15561 | Lair:8   | Noticed a six-headed hydra
 15590 | Lair:8   | Reached skill level 3 in Transmutations
 15620 | Lair:8   | Gained mutation: Your rubbery body absorbs attacks (AC +1). [Jiyva's grace]
 15673 | Lair:8   | Identified the Catalogue of Supportive Cold (You found it on level 8 of the Lair of Beasts)
 15695 | Lair:8   | Noticed a death yak
 15695 | Lair:8   | Noticed a death yak
 15697 | Lair:8   | Noticed a death yak
 15700 | Lair:8   | Noticed a death yak
 15738 | Lair:8   | Got a clouded bone ring
 15751 | Lair:8   | Identified the ring of the Middle {rPois Stlth+} (You found it on level 8 of the Lair of Beasts)
 15838 | Lair:7   | Noticed a five-headed hydra
 15950 | Snake:1  | Entered Level 1 of the Snake Pit
 15998 | Snake:2  | Noticed a sea snake
 15998 | Snake:2  | Noticed a sea snake
 16001 | Snake:2  | Killed a sea snake
 16006 | Snake:2  | Slimified a sea snake
 16006 | Snake:2  | a sea snake changed into a jelly
 16102 | Snake:2  | Reached XP level 12. HP: 58/58 MP: 20/20
 16106 | Snake:2  | Gained mutation: You are robust (+10% HP). [Jiyva's grace]
 16123 | Snake:2  | Upgraded the game from 0.18-a0-1560-ge216ca8 to 0.18-a0-1562-gac8da35
 16153 | Snake:2  | Noticed Louise
 16155 | Snake:2  | Killed Louise
 16155 | Snake:2  | Reached skill level 3 in Spellcasting
 16155 | Snake:2  | Reached skill level 4 in Transmutations
 16155 | Snake:2  | Reached skill level 3 in Earth Magic
 16159 | Snake:2  | Noticed an anaconda
 16179 | Snake:2  | Killed an anaconda
 16387 | Snake:3  | HP: 3/94 [salamander/glaive (15)]
 16390 | Snake:3  | Mangled by a salamander
 16391 | Snake:3  | Reached XP level 11. HP: -13/88 MP: 19/19
 16391 | Snake:3  | Noticed a shock serpent
 16391 | Snake:3  | Noticed a sea snake
 16391 | Snake:3  | Noticed a sea snake
 16392 | Snake:3  | Noticed a naga sharpshooter
 16393 | Snake:3  | Noticed an anaconda
 16394 | Snake:3  | Noticed a naga warrior
 16407 | Snake:3  | Noticed a naga ritualist
 16408 | Snake:3  | Noticed a salamander mystic
 16411 | Snake:3  | Noticed a mana viper
 16432 | Snake:3  | Noticed a greater naga
 16433 | Snake:4  | Entered Level 4 of the Snake Pit
 16444 | Snake:4  | Reached skill level 10 in Fighting
 16558 | Snake:4  | Noticed a naga warrior
 16558 | Snake:4  | Noticed a naga warrior
 16586 | Snake:4  | Noticed an anaconda
 16589 | Snake:4  | Noticed a greater naga
 16612 | Snake:4  | Killed an anaconda
 16755 | Snake:4  | Noticed a naga sharpshooter
 16756 | Snake:4  | Noticed a greater naga
 16786 | Snake:4  | Identified a scroll of acquirement
 16811 | Snake:4  | Noticed a naga sharpshooter
 16812 | Snake:4  | Noticed a naga warrior
 16825 | Snake:4  | Noticed a greater naga
 16864 | Snake:4  | Noticed a mana viper
 16868 | Snake:4  | Killed a mana viper
 16897 | Snake:4  | Noticed a shock serpent
 16901 | Snake:4  | Noticed a naga sharpshooter
 16904 | Snake:4  | Slain by a salamander

Vault maps used:
D:1:      dpeg_arrival_lava_temple_mockup, serial_forest,
          infiniplex_forest_lined_2, infiniplex_forest_clump_cross,
          infiniplex_forest_end_2, infiniplex_forest_zigzag_1,
          infiniplex_forest_corner_1, infiniplex_forest_straight_4,
          infiniplex_forest_corner_2, infiniplex_forest_fountain,
          infiniplex_forest_clump_small
D:2:      ecumenical_altar_1
D:3:      gammafunk_temple_overflow_elements, first_bread, minivault_11,
          minmay_misc_feat_four_crosses, uniq_iyjb
D:4:      makhleb_grotto_becter, temple_green, serial_shops, shop, uniq_menkaure
D:5:      kennysheep_windowed_halls, nemelex_xobeh_ov_fountains_minmay,
          lemuel_round_altar, mrwooster_statue_mirror,
          okawaru_metal_pillars_1_2, uniq_duvessa
D:6:      lightli_temple_of_fire, corexii_leaking_fountain, uniq_pikel
D:7:      lemuel_crystal_altar, elyvilon_altar_3
D:8:      kennysheep_ying_yang, lair_0_dummy, special_room
D:9:      grunt_temple_overflow_forces_of_nature, kennysheep_little_box
D:10:     enter_bailey_3, uniq_fannar, uniq_joseph
D:11:     serial_shops, shop
D:12:     erik_orc_3, lab_entry_generic, david_nohive_1,
          kennysheep_generic_room_4
Temple:   minmay_temple_curvy_8
Lair:1:   kennysheep_abandoned_house, nicolae_volcano_entry_two_sided,
          nicolae_lair_grove_arrangements
Lair:3:   kb_xom_exploding_sheep, serial_bayou_shore_a
Lair:4:   shoals_dummy_entry, grunt_megastairs_2
Lair:5:   minmay_snake_entry_guardpost_small, grunt_forest_large_clearings
Lair:6:   dpeg_slime_entry_enclosed_altar, infiniplex_staircase_pool_2
Lair:7:   st_stairs_3, worms_lemuel
Lair:8:   minmay_lair_end_enchanted_forest, hangedman_lair_generics_rect,
          grunt_megastairs_1, serial_bayou_shore_b, lemuel_fruit_fields
Snake:1:  hangedman_snake_thin_pillar_pass, nicolae_snake_single_loop,
          grunt_megastairs_5, lemuel_fruit_tree, uniq_asterion, uniq_aizul
Snake:2:  nicolae_large_snake_swirl, uniq_louise
Snake:3:  serial_bayou_lagoon_a, grunt_megastairs_4, uniq_vashnia
Snake:4:  snake_pit
Lab:      nicolae_lab_dead_adventurers, nicolae_lab_t_cross,
          nicolae_lab_diamond, nicolae_lab_garden, labyrinth_skeletal_remains,
          nicolae_lab_blocks, nicolae_lab_swirl
Bailey:   bailey_axe_1, bailey
Volcano:  volcano_aerie

Skill      XL: |  1  2  3  4  5  6  7  8  9 10 11 12 |
---------------+-------------------------------------+-----
Stealth        | 1 2 3 4 5 7 8 10 11 12 | 12.0
Unarmed Combat | 5 6 8 9 10 12 | 12.0
Fighting       | 4 5 6 7 10 9 | 10.0
Dodging        | 5 6 7 8 9 12 | 12.0
Evocations     | 1 3 5 6 9 |  9.7
Transmutations | 3 4 |  4.4
Spellcasting   | 2 3 |  3.5
Earth Magic    | 2 3 |  3.4

Action                   |  1- 3 |  4- 6 |  7- 9 | 10-12 || total
-------------------------+-------+-------+-------+-------++-------
Melee: Unarmed           |    84 |   142 |   267 |   721 ||  1214
Invok: Request Jelly     |       |       |       |    19 ||    19
       Slimify           |       |       |       |     3 ||     3
       Jelly Paralyse    |       |       |       |     1 ||     1
 Abil: Evoke Berserk Rag |       |     1 |    11 |    24 ||    36
Evoke: Wand              |       |       |       |    11 ||    11
  Use: Scroll            |     1 |     2 |     7 |    18 ||    28
       Potion            |     1 |       |       |     7 ||     8
 Stab: Sleeping          |     9 |    13 |    14 |    67 ||   103
       Distracted        |       |     1 |     2 |     4 ||     7
       Invisible         |       |       |       |     2 ||     2
  Eat: Chunk             |     9 |     4 |    15 |    42 ||    70
